[Event "Monday Night Engine Tour 13 Rd Swiss 3m+1s Starts at 2200hrs ST"]
[Site "Infinity Chess"]
[Date "2018.1.22"]
[Round "7"]
[White "MrScience"]
[Black "BraveDevil"]
[Result "1-0"]
[ECO "B90"]
[WhiteElo "2551"]
[BlackElo "2434"]
[WhiteEngine "BrainFish_x64_modern"]
[BlackEngine "Cryptic AIL V2"]
[EventType "Swiss"]
[WhiteTeam ""]
[BlackTeam ""]
[PlyCount "173"]
[TimeControl "180+1"]

1. e4 c5 2. Nf3 d6 3. d4 cxd4 4. Nxd4 Nf6 5. Nc3 a6 6. Be3 e5 7. Nb3 Be7 
8. a3 Be6 9. f3 O-O 10. Qd2 Qc7 11. g4 Nbd7 12. g5 Nh5 13. O-O-O Nc5 
14. Nxc5 dxc5 15. Nd5 Bxd5 16. exd5 Bd6 17. c4 Rfb8 18. Bd3 b5 19. Qc2 g6 
20. Kb1 Qd7 21. h4 Rb7 22. Ka2 bxc4 23. Qxc4 Rab8 24. Rd2 a5 25. Bf2 Nf4 
26. Be4 Qe7 27. Rc2 a4 28. Rb1 Qd8 29. Qxa4 Ra8 30. Qc4 Rb4 31. Qf1 Qa5 
32. Rc4 Rb5 33. Rbc1 Rab8 34. R1c2 Qa6 35. Qc1 R5b7 36. Bxc5 Ne2 37. Rxe2 Bxc5 
38. Rxc5 Qxe2 39. Rc8+ Kg7 40. Rxb8 Rxb8 41. Qc3 Kg8 42. a4 Qa6 43. Ka3 Rc8 
44. Qd3 Qa7 45. b4 Qf2 46. a5 h5 47. d6 Qe1 48. Ka4 Rb8 49. b5 Qa1+ 50. Kb3 Qxa5 
51. Bc6 Kf8 52. d7 Qc7 53. Kc4 Ke7 54. f4 exf4 55. Qe4+ Kf8 56. Kd5 f3 
57. Qe8+ Kg7 58. Qe5+ Qxe5+ 59. Kxe5 f2 60. Bg2 Rxb5+ 61. Kd6 Rb8 62. Ke7 f1=Q 
63. Bxf1 Rb1 64. Bc4 Rb7 65. Bxf7 Rxd7+ 66. Kxd7 Kxf7 67. Kd6 Kg8 68. Ke7 Kg7 
69. Ke6 Kg8 70. Kf6 Kh7 71. Kf7 Kh8 72. Kxg6 Kg8 73. Kxh5 Kf7 74. g6+ Kf6 
75. Kh6 Ke5 76. h5 Kf6 77. g7 Kf7 78. Kh7 Ke6 79. h6 Kf6 80. g8=Q Ke5 
81. Qc4 Kd6 82. Kg7 Ke5 83. Kg6 Kd6 84. Kf6 Kd7 85. Qc5 Kd8 86. Ke6 Ke8 87. Qe7# 
1-0

[Event "Monday Night Engine Tour 13 Rd Swiss 3m+1s Starts at 2200hrs ST"]
[Site "Infinity Chess"]
[Date "2018.1.22"]
[Round "7"]
[White "MGR"]
[Black "Dovahkiin"]
[Result "1/2-1/2"]
[ECO "C11"]
[WhiteElo "2535"]
[BlackElo "2447"]
[WhiteEngine "asmFishW_2017-08-25_bmi2"]
[BlackEngine "BrainFish_180113_x64_modern_CTG"]
[EventType "Swiss"]
[WhiteTeam ""]
[BlackTeam ""]
[PlyCount "37"]
[TimeControl "180+1"]

1. e4 e6 2. d4 d5 3. Nc3 Nf6 4. e5 Nfd7 5. f4 c5 6. Nf3 Nc6 7. Be3 cxd4 
8. Nxd4 Qb6 9. Qd2 Qxb2 10. Rb1 Qa3 11. Bb5 Nxd4 12. Bxd4 a6 13. Rb3 Qe7 
14. Ba4 Qh4+ 15. Bf2 Qd8 16. Bb6 Qh4+ 17. Bf2 Qd8 18. Bb6 Qh4+ 19. Bf2 1/2-1/2

[Event "Monday Night Engine Tour 13 Rd Swiss 3m+1s Starts at 2200hrs ST"]
[Site "Infinity Chess"]
[Date "2018.1.22"]
[Round "7"]
[White "star99"]
[Black "OlivierEvan"]
[Result "1/2-1/2"]
[ECO "A46"]
[WhiteElo "2440"]
[BlackElo "2481"]
[WhiteEngine "Cryptic AIL V2"]
[BlackEngine "Houdini 6"]
[EventType "Swiss"]
[WhiteTeam ""]
[BlackTeam ""]
[PlyCount "119"]
[TimeControl "180+1"]

1. d4 Nf6 2. Nf3 d5 3. c4 e6 4. e3 Be7 5. cxd5 exd5 6. Bd3 O-O 7. Nc3 c5 
8. dxc5 Nbd7 9. O-O Nxc5 10. Bc2 Bg4 11. h3 Bh5 12. b3 Nce4 13. Ne2 Bxf3 
14. gxf3 Ng5 15. Kg2 Qd7 16. Rh1 Rad8 17. Bb2 Ne6 18. Nd4 Bc5 19. Rc1 Bb6 
20. Rg1 g6 21. f4 Qe7 22. Bb1 Ng7 23. Kh2 a6 24. Rg2 Bc5 25. Qe2 Bd6 
26. Ba1 Rfe8 27. Rd1 Ne4 28. Nf3 Qc7 29. Rdg1 Bb4 30. Bb2 Nc3 31. Qd3 d4 
32. Nxd4 Ne6 33. Nxe6 Rxe6 34. Qc2 Rc6 35. Bxc3 Bxc3 36. Qe2 b5 37. Be4 Rd2 
38. Qf3 Rcd6 39. a4 bxa4 40. bxa4 Bf6 41. f5 Kf8 42. fxg6 hxg6 43. Kh1 Qc4 
44. Rg4 Qa2 45. Rf1 Ke8 46. h4 Be5 47. Bb7 Kf8 48. Kg1 Rf6 49. Qg2 Qc2 
50. Rg5 Bc7 51. h5 Rfxf2 52. Rxf2 Rd1+ 53. Rf1 Rxf1+ 54. Kxf1 Qb1+ 55. Ke2 Qb2+ 
56. Kd1 Qb1+ 57. Kd2 Qb2+ 58. Kd1 Qb1+ 59. Kd2 Qb2+ 60. Kd1 1/2-1/2

[Event "Monday Night Engine Tour 13 Rd Swiss 3m+1s Starts at 2200hrs ST"]
[Site "Infinity Chess"]
[Date "2018.1.22"]
[Round "7"]
[White "Ninja_Bp"]
[Black "KULLANI"]
[Result "1/2-1/2"]
[ECO "A06"]
[WhiteElo "2395"]
[BlackElo "2505"]
[WhiteEngine "Houdini 6_CTG"]
[BlackEngine "asmfish-popcnt-012018-W_CTG"]
[EventType "Swiss"]
[WhiteTeam ""]
[BlackTeam ""]
[PlyCount "114"]
[TimeControl "180+1"]

1. Nf3 d5 2. d4 Nf6 3. c4 e6 4. Nc3 c6 5. e3 Nbd7 6. Bd3 dxc4 7. Bxc4 b5 
8. Bd3 Bb7 9. e4 b4 10. Na4 c5 11. e5 Nd5 12. O-O cxd4 13. Nxd4 Nxe5 
14. Bb5+ Nd7 15. Re1 Rc8 16. b3 h5 17. Qe2 Be7 18. Nxe6 fxe6 19. Qxe6 Nc7 
20. Qg6+ Kf8 21. Bb2 Nf6 22. Rad1 Qxd1 23. Rxd1 Nxb5 24. Re1 Rc7 25. Be5 Nd6 
26. Qg3 Rc6 27. Qf4 Kf7 28. Qxb4 Re8 29. h3 Bd8 30. Nc5 a5 31. Qc3 Ba6 
32. b4 axb4 33. Qxb4 Nc4 34. Nxa6 Nxe5 35. Kf1 Bb6 36. Qb3+ Kf8 37. Qb5 Nfd7 
38. Nb4 Rc5 39. Qa6 Ra5 40. Qe2 Nf6 41. g3 Bc5 42. Qd2 Ra4 43. Qc2 Bxb4 
44. Rb1 Ra3 45. Rxb4 Nf3 46. Rb1 Ne4 47. Kg2 Ra6 48. Kxf3 Rf6+ 49. Kg2 Rxf2+ 
50. Qxf2+ Nxf2 51. Kxf2 Ra8 52. a3 Rxa3 53. Rd1 h4 54. gxh4 Rxh3 55. Rd4 Kf7 
56. Rf4+ Kg6 57. Rg4+ Kh7 1/2-1/2

[Event "Monday Night Engine Tour 13 Rd Swiss 3m+1s Starts at 2200hrs ST"]
[Site "Infinity Chess"]
[Date "2018.1.22"]
[Round "6"]
[White "BraveDevil"]
[Black "tris77"]
[Result "1/2-1/2"]
[ECO "A46"]
[WhiteElo "2436"]
[BlackElo "2390"]
[WhiteEngine "Cryptic AIL V2"]
[BlackEngine "Raubfisch X37b_CTG"]
[EventType "Swiss"]
[WhiteTeam ""]
[BlackTeam ""]
[PlyCount "116"]
[TimeControl "180+1"]

1. d4 Nf6 2. Nf3 d5 3. c4 e6 4. Nc3 c6 5. e3 Nbd7 6. Qc2 Bd6 7. Bd3 O-O 
8. O-O dxc4 9. Bxc4 e5 10. Bd2 exd4 11. exd4 Nb6 12. Bb3 Bg4 13. Ne5 Bc7 
14. Nxg4 Nxg4 15. h3 Nf6 16. Bg5 Qd6 17. g3 Nbd5 18. Rad1 Rfe8 19. Rfe1 Bb6 
20. Qd3 h6 21. Bd2 Nb4 22. Qg6 Nbd5 23. Qd3 Nb4 24. Rxe8+ Rxe8 25. Qg6 Nbd5 
26. Qd3 Qd7 27. Kg2 Qd6 28. Qf3 Re7 29. Qd3 Qd7 30. a3 Re8 31. Bc2 Qd6 
32. Na4 Re4 33. Nxb6 axb6 34. Re1 Rxe1 35. Bxe1 Nc7 36. Qf5 Ne6 37. Bc3 b5 
38. Qe5 Qd5+ 39. Kg1 Qd8 40. Bb3 Nd5 41. Bd2 Qd7 42. h4 Nb6 43. Bc3 Nd5 
44. Kf1 g6 45. Qb8+ Kg7 46. Qe5+ Kh7 47. Bd2 f6 48. Qe4 h5 49. Bc3 Ng7 
50. Bxd5 cxd5 51. Qf4 Qf5 52. Qc7 Qb1+ 53. Kg2 Qe4+ 54. Kh2 Qf5 55. Kg1 Qb1+ 
56. Kg2 Qe4+ 57. Kh2 Qf5 58. Kg2 Qe4+ 1/2-1/2

[Event "Monday Night Engine Tour 13 Rd Swiss 3m+1s Starts at 2200hrs ST"]
[Site "Infinity Chess"]
[Date "2018.1.22"]
[Round "6"]
[White "Coco69"]
[Black "Dovahkiin"]
[Result "1/2-1/2 "]
[ECO "C11"]
[WhiteElo "2485"]
[BlackElo "2445"]
[WhiteEngine "Raubfisch X37b3._CTG"]
[BlackEngine "BrainFish_180113_x64_modern_CTG"]
[EventType "Swiss"]
[WhiteTeam ""]
[BlackTeam ""]
[PlyCount "142"]
[TimeControl "180+1"]

1. e4 e6 2. d4 d5 3. Nc3 Nf6 4. e5 Nfd7 5. f4 c5 6. Nf3 Nc6 7. Be3 cxd4 
8. Nxd4 Qb6 9. Qd2 Qxb2 10. Rb1 Qa3 11. Bb5 Nxd4 12. Bxd4 a6 13. Bxd7+ Bxd7 
14. Rb3 Qe7 15. Rxb7 Rc8 16. O-O Qd8 17. Qe3 Rc4 18. Rfb1 Be7 19. f5 Bg5 
20. Qd3 O-O 21. Ne4 Bc8 22. Bb6 Be3+ 23. Qxe3 Qh4 24. Nf6+ gxf6 25. Rc7 exf5 
26. Rxc4 dxc4 27. exf6 Kh8 28. Bc7 Rg8 29. Bg3 Qg4 30. Qf4 c3 31. a3 Be6 
32. Re1 Rd8 33. Qe3 Bd5 34. Qe8+ Rxe8 35. Rxe8+ Qg8 36. Rxg8+ Kxg8 37. Be5 Be4 
38. Bxc3 Bxc2 39. Kf2 h5 40. Kg3 Kh7 41. Kf4 Kg6 42. g3 Be4 43. Ke3 Kg5 
44. h4+ Kg4 45. Be5 Bc6 46. Bf4 Bb5 47. Kd4 Bf1 48. a4 Bg2 49. Ke5 Bf3 
50. a5 Be4 51. Kd4 Bc2 52. Kc5 Bd3 53. Kd6 Be4 54. Be5 Bc2 55. Ke7 Bb3 
56. Kf8 Bd5 57. Ke7 Bb3 58. Kf8 Bd5 59. Bd6 Kf3 60. Bf4 Bb3 61. Kg7 Kg4 
62. Bd6 Kf3 63. Kg8 Bd5 64. Bb8 Be6 65. Bf4 Kg4 66. Kg7 Bc4 67. Kh7 Be6 
68. Kg7 Bb3 69. Be5 Kf3 70. Kh6 Kg4 71. Bf4 Bc4 1/2-1/2

[Event "Monday Night Engine Tour 13 Rd Swiss 3m+1s Starts at 2200hrs ST"]
[Site "Infinity Chess"]
[Date "2018.1.22"]
[Round "6"]
[White "star99"]
[Black "MrScience"]
[Result "1/2-1/2"]
[ECO "C11"]
[WhiteElo "2435"]
[BlackElo "2556"]
[WhiteEngine "Cryptic AIL V2"]
[BlackEngine "BrainFish_x64_modern"]
[EventType "Swiss"]
[WhiteTeam ""]
[BlackTeam ""]
[PlyCount "257"]
[TimeControl "180+1"]

1. e4 e6 2. d4 d5 3. Nc3 Nf6 4. e5 Nfd7 5. f4 c5 6. Nf3 Nc6 7. Be3 Be7 
8. Qd2 O-O 9. dxc5 Bxc5 10. O-O-O Qb6 11. Nd4 Bxd4 12. Bxd4 Nxd4 13. Qxd4 Qxd4 
14. Rxd4 a6 15. g4 b5 16. g5 Bb7 17. h4 Bc6 18. Ne2 Nc5 19. Rd1 b4 20. Nd4 Rfc8 
21. h5 Bb5 22. f5 Bxf1 23. Rhxf1 Re8 24. g6 hxg6 25. hxg6 fxg6 26. fxg6 Nd7 
27. Rg1 Rac8 28. Rg5 Nf8 29. Rd3 Rc5 30. a3 a5 31. axb4 axb4 32. b3 Rec8 
33. Rd1 Rc3 34. Rh1 Ra8 35. Kb2 Ra6 36. Ne2 Rf3 37. Rg4 Rf2 38. Rf4 Rxf4 
39. Nxf4 Ra8 40. Rg1 Nd7 41. Nxe6 Re8 42. Nf4 Rxe5 43. Nd3 Re4 44. Ra1 Kf8 
45. Ra4 Ke7 46. Nxb4 d4 47. Nc6+ Kf6 48. Nxd4 Kxg6 49. Kc3 Re3+ 50. Kd2 Rh3 
51. b4 Rh2+ 52. Kc3 Rh3+ 53. Kb2 Rh4 54. c3 Kf7 55. Ra7 Ke8 56. Kb3 Rh1 
57. c4 Rb1+ 58. Kc3 Rc1+ 59. Nc2 g5 60. c5 g4 61. c6 Nb6 62. Kb2 Rg1 
63. Rb7 Nc4+ 64. Kb3 Nd6 65. Rd7 Nc8 66. Rg7 g3 67. Nd4 Kf8 68. Rg4 Ke7 
69. Kc2 g2 70. Ne2 Re1 71. Rxg2 Kd6 72. b5 Na7 73. Rg6+ Kc5 74. Rg5+ Kc4 
75. Nc3 Re7 76. Rg4+ Kc5 77. Rg5+ Kc4 78. Rg4+ Kc5 79. Kd3 Rf7 80. Rc4+ Kb6 
81. c7 Rf8 82. Ke4 Rc8 83. Kd4 Rh8 84. Nd5+ Kxb5 85. Rc5+ Ka6 86. Rc1 Nb5+ 
87. Kc5 Nxc7 88. Nxc7+ Kb7 89. Kd6 Rd8+ 90. Ke7 Rh8 91. Nd5 Rc8 92. Rh1 Kc6 
93. Nf6 Ra8 94. Ke6 Kc5 95. Nd7+ Kd4 96. Rh4+ Ke3 97. Nc5 Ra1 98. Ke5 Ra8 
99. Rh3+ Kd2 100. Ne4+ Ke2 101. Nf6 Rc8 102. Ra3 Rb8 103. Ke4 Rd8 104. Ra2+ Rd2 
105. Ra8 Rd6 106. Nd5 Re6+ 107. Kd4 Rd6 108. Rf8 Kd2 109. Rf2+ Ke1 110. Rg2 Rd8 
111. Rh2 Kd1 112. Ke4 Ke1 113. Kd4 Rd6 114. Ke5 Rc6 115. Kd4 Ra6 116. Kd3 Rd6 
117. Ke4 Rd8 118. Nf6 Rf8 119. Kf5 Ra8 120. Kf4 Ra3 121. Ne4 Ra4 122. Ke3 Ra3+ 
123. Kd4 Ra4+ 124. Kd5 Ra5+ 125. Kc4 Ra4+ 126. Kd5 Ra3 127. Rc2 Kd1 128. Rh2 Ke1 
129. Nc5 1/2-1/2

[Event "Monday Night Engine Tour 13 Rd Swiss 3m+1s Starts at 2200hrs ST"]
[Site "Infinity Chess"]
[Date "2018.1.22"]
[Round "6"]
[White "KULLANI"]
[Black "incredible"]
[Result "1-0 "]
[ECO "C53"]
[WhiteElo "2490"]
[BlackElo "2471"]
[WhiteEngine "asmfish-popcnt-012018-W_CTG"]
[BlackEngine "Stockfish_x64_bmi2"]
[EventType "Swiss"]
[WhiteTeam ""]
[BlackTeam ""]
[PlyCount "23"]
[TimeControl "180+1"]

1. e4 e5 2. Nf3 Nc6 3. Bc4 Bc5 4. c3 Nf6 5. d3 a6 6. O-O Ba7 7. a4 O-O 
8. Re1 Re8 9. b4 d6 10. Nbd2 Be6 11. Bxe6 Rxe6 12. Qc2 1-0

[Event "Monday Night Engine Tour 13 Rd Swiss 3m+1s Starts at 2200hrs ST"]
[Site "Infinity Chess"]
[Date "2018.1.22"]
[Round "6"]
[White "RonWeasley"]
[Black "MGR"]
[Result "1/2-1/2"]
[ECO "C42"]
[WhiteElo "2505"]
[BlackElo "2536"]
[WhiteEngine "BrainFish 130117_CTG"]
[BlackEngine "asmFishW_2017-08-25_bmi2"]
[EventType "Swiss"]
[WhiteTeam ""]
[BlackTeam ""]
[PlyCount "160"]
[TimeControl "180+1"]

1. e4 e5 2. Nf3 Nf6 3. Nxe5 d6 4. Nc4 Nxe4 5. d4 d5 6. Ne3 Nf6 7. Nd2 Bd6 
8. Be2 O-O 9. O-O Nc6 10. Nf3 Ne7 11. Re1 c6 12. c4 dxc4 13. Nxc4 Ng6 
14. Bd3 Nf4 15. Bc2 Bc7 16. Nce5 N6d5 17. Bd2 a5 18. Qb1 h6 19. Bh7+ Kh8 
20. Bf5 Bxf5 21. Qxf5 f6 22. Ng6+ Nxg6 23. Qxg6 Qd7 24. Nh4 f5 25. Nf3 a4 
26. Ne5 Bxe5 27. Rxe5 Qf7 28. Qg3 f4 29. Qf3 Qg6 30. Rc1 Kg8 31. h3 Ra6 
32. Rce1 Qc2 33. Bc3 Raa8 34. R5e2 Qg6 35. Bd2 Rf6 36. Re4 Kh7 37. a3 Rd8 
38. Kh2 Rf7 39. Ba5 Rdf8 40. Bc3 Kg8 41. Bd2 Qf5 42. R1e2 Kh7 43. Re1 Qg6 
44. Kg1 Rd8 45. Bc3 Rb8 46. Bd2 Qf5 47. Kh2 Rf6 48. Qd1 Rg6 49. Qf3 Ra8 
50. Bc3 Rf8 51. Ba5 Rff6 52. Kh1 Rf7 53. Kh2 Rf8 54. Bd2 Rff6 55. Re8 Re6 
56. R1xe6 Rxe6 57. Rxe6 Qxe6 58. Bxf4 Qf5 59. g3 g5 60. Qh5 Nxf4 61. gxf4 Qxf4+ 
62. Kg1 Kg7 63. Qd1 b5 64. Qg4 Kf6 65. Qh5 Kg7 66. Qg4 Qd6 67. h4 Kg6 
68. hxg5 h5 69. Qg2 Kf5 70. Qh2 Qxh2+ 71. Kxh2 Kxg5 72. Kg3 h4+ 73. Kh3 Kf4 
74. Kxh4 Kf3 75. Kg5 Kxf2 76. Kf5 Ke3 77. Ke5 Kd3 78. Kd6 Kxd4 79. Kxc6 Kc4 
80. Kb6 b4 1/2-1/2

[Event "Monday Night Engine Tour 13 Rd Swiss 3m+1s Starts at 2200hrs ST"]
[Site "Infinity Chess"]
[Date "2018.1.22"]
[Round "6"]
[White "OlivierEvan"]
[Black "Victorious"]
[Result "1/2-1/2"]
[ECO "A05"]
[WhiteElo "2480"]
[BlackElo "2512"]
[WhiteEngine "Houdini 6"]
[BlackEngine "BugChess2.41_Release"]
[EventType "Swiss"]
[WhiteTeam ""]
[BlackTeam ""]
[PlyCount "129"]
[TimeControl "180+1"]

1. Nf3 Nf6 2. d4 e6 3. c4 d5 4. Nc3 c6 5. Bg5 h6 6. Bxf6 Qxf6 7. e3 g6 
8. Be2 Nd7 9. O-O Bg7 10. e4 dxe4 11. Nxe4 Qf4 12. Qc2 f5 13. Ned2 c5 14. g3 Qc7 
15. Nh4 Bxd4 16. Nxg6 Rg8 17. Nh4 Nf6 18. Ndf3 Rxg3+ 19. hxg3 Qxg3+ 20. Ng2 Ng4 
21. Qd2 Bxf2+ 22. Rxf2 Qxf2+ 23. Kh1 Bd7 24. Rf1 Qg3 25. Qe1 Qxe1 26. Nfxe1 Ne5 
27. Nf3 Ng6 28. Kg1 Bc6 29. Kf2 Ke7 30. Rg1 Rd8 31. Rh1 Rh8 32. b3 h5 
33. Nfh4 Nxh4 34. Rxh4 e5 35. Ne3 f4 36. Nd5+ Bxd5 37. cxd5 Kd6 38. Bf3 b5 
39. Rh1 h4 40. b4 cxb4 41. Rc1 h3 42. Rc6+ Ke7 43. Re6+ Kd7 44. Kg1 Rg8+ 
45. Kh1 a5 46. Be2 Rb8 47. Bg4 Rd8 48. Kh2 Kc7 49. Bf3 Rd6 50. Rxe5 a4 
51. Rg5 Rh6 52. Rg1 Kd6 53. Rc1 Rh8 54. Rc6+ Ke5 55. Ra6 Rd8 56. Rb6 Rxd5 
57. Bxd5 Kxd5 58. Kxh3 Kc5 59. Rf6 b3 60. axb3 a3 61. Kg4 Kb4 62. Kxf4 a2 
63. Ra6 Kxb3 64. Ke5 Kb2 65. Ra5 1/2-1/2

[Event "Monday Night Engine Tour 13 Rd Swiss 3m+1s Starts at 2200hrs ST"]
[Site "Infinity Chess"]
[Date "2018.1.22"]
[Round "5"]
[White "tris77"]
[Black "Coco69"]
[Result "1/2-1/2"]
[ECO "C65"]
[WhiteElo "2386"]
[BlackElo "2489"]
[WhiteEngine "Raubfisch X37b_CTG"]
[BlackEngine "Raubfisch X37b3._CTG"]
[EventType "Swiss"]
[WhiteTeam ""]
[BlackTeam ""]
[PlyCount "88"]
[TimeControl "180+1"]

1. e4 e5 2. Nf3 Nc6 3. Bb5 Nf6 4. O-O Nxe4 5. d4 Nd6 6. Bxc6 dxc6 7. dxe5 Nf5 
8. Qxd8+ Kxd8 9. Rd1+ Ke8 10. Nc3 Be7 11. h3 Nh4 12. Nxh4 Bxh4 13. Be3 Be7 
14. Rd2 h5 15. Ne2 g5 16. Rad1 g4 17. Kh2 a6 18. c3 Be6 19. Nd4 Bd7 20. Bf4 c5 
21. e6 fxe6 22. Nb3 Bb5 23. Bxc7 Rc8 24. Be5 Rh7 25. Re1 b6 26. Rdd1 Rd8 
27. Bc7 Rxd1 28. Rxd1 Rf7 29. hxg4 hxg4 30. Kg1 Bh4 31. g3 Be7 32. Bxb6 Rh7 
33. Rd2 Bc6 34. f4 gxf3 35. Bxc5 Rh1+ 36. Kf2 Bf6 37. Be3 Rh2+ 38. Kf1 Rh5 
39. Nd4 Bd5 40. Kf2 Rh2+ 41. Ke1 Rh1+ 42. Kf2 Rh2+ 43. Ke1 Rh3 44. Kf2 Rh2+ 
1/2-1/2

[Event "Monday Night Engine Tour 13 Rd Swiss 3m+1s Starts at 2200hrs ST"]
[Site "Infinity Chess"]
[Date "2018.1.22"]
[Round "5"]
[White "Dovahkiin"]
[Black "Ninja_Bp"]
[Result "1/2-1/2"]
[ECO ""]
[WhiteElo "2447"]
[BlackElo "2393"]
[WhiteEngine "BrainFish_180113_x64_modern_CTG"]
[BlackEngine "Houdini 6_CTG"]
[EventType "Swiss"]
[WhiteTeam ""]
[BlackTeam ""]
[PlyCount "120"]
[TimeControl "180+1"]

1. e3 d5 2. d3 Nf6 3. d4 e6 4. Nf3 c5 5. Be2 cxd4 6. exd4 Bd6 7. Bg5 h6 
8. Bh4 Nc6 9. O-O O-O 10. Nbd2 Be7 11. c3 g5 12. Bg3 Nh5 13. Nb3 Nxg3 
14. hxg3 Bd6 15. Qd2 Qf6 16. Bb5 Ne7 17. Rae1 Qg7 18. Nc5 g4 19. Nh4 a6 
20. Ba4 Rb8 21. Bc2 a5 22. f4 gxf3 23. Rxf3 Bxc5 24. dxc5 b6 25. cxb6 Rxb6 
26. Qf2 d4 27. cxd4 Rd6 28. Rd1 Rfd8 29. Rf1 Rf8 30. Ra3 Rxd4 31. Rxa5 Bb7 
32. Rh5 Rc8 33. Nf3 Bxf3 34. gxf3 Kf8 35. Rh2 Rd6 36. Be4 f5 37. Bb1 Rcd8 
38. Bc2 Rd2 39. Qe1 Qd4+ 40. Kh1 Rxh2+ 41. Kxh2 Nd5 42. Kh3 Qxb2 43. Bb3 Ke7 
44. Rf2 Qc3 45. Re2 Qxe1 46. Rxe1 Nc7 47. Rd1 Rxd1 48. Bxd1 Kd6 49. a4 Kc5 
50. Kh4 Nd5 51. Kh5 e5 52. Kg6 e4 53. Kxf5 Nc3 54. fxe4 Nxd1 55. e5 Ne3+ 
56. Kg6 Kd5 57. a5 Kxe5 58. a6 Nd5 59. a7 Nc7 60. Kxh6 Kd5 1/2-1/2

[Event "Monday Night Engine Tour 13 Rd Swiss 3m+1s Starts at 2200hrs ST"]
[Site "Infinity Chess"]
[Date "2018.1.22"]
[Round "5"]
[White "incredible"]
[Black "BraveDevil"]
[Result "1/2-1/2 "]
[ECO "E10"]
[WhiteElo "2472"]
[BlackElo "2435"]
[WhiteEngine "Stockfish_x64_bmi2"]
[BlackEngine "Cryptic AIL V2"]
[EventType "Swiss"]
[WhiteTeam ""]
[BlackTeam ""]
[PlyCount "308"]
[TimeControl "180+1"]

1. d4 Nf6 2. c4 e6 3. Nf3 d5 4. Nc3 c6 5. e3 Nbd7 6. Qc2 Bd6 7. Bd3 O-O 
8. O-O dxc4 9. Bxc4 a6 10. Rd1 b5 11. Bd3 Bb7 12. Ng5 h6 13. Nge4 Bc7 
14. a3 Nxe4 15. Bxe4 Qb8 16. h3 Rd8 17. b4 a5 18. Rb1 Nf6 19. Bf3 Bh2+ 
20. Kh1 Bd6 21. Bd2 axb4 22. axb4 Ra3 23. Qb2 Ra6 24. Ne4 Nxe4 25. Bxe4 Qa7 
26. Bc2 Ra8 27. Qc3 Ra3 28. Bb3 Qb8 29. Bc1 R3a7 30. Bc2 Qf8 31. Kg1 Ra2 
32. Qd3 g6 33. Bd2 Be7 34. e4 R2a3 35. Bc3 h5 36. Qe3 Bg5 37. Qg3 Bf6 
38. Qe3 Bg7 39. Bb3 Rd8 40. Qc1 Ra6 41. Qb2 Rda8 42. Qc2 Kh7 43. Re1 Rd8 
44. Qb2 Bh6 45. Red1 Bg7 46. Rd2 Bh6 47. Re2 Bf4 48. Rd1 Qd6 49. Ree1 Kg8 
50. Rd3 Bh2+ 51. Kh1 Bf4 52. Kg1 Bh2+ 53. Kh1 Bf4 54. Rf3 Bh6 55. Qc2 Qe7 
56. Rd3 Ra3 57. Qb2 Ra6 58. Kg1 Qc7 59. Kh1 Bg5 60. Bc2 Rda8 61. Kg1 Bh6 
62. Bb3 Rd8 63. Qc2 Qd6 64. Rf1 Qd7 65. Rdd1 Bf4 66. Bb2 Kh7 67. Bc3 Qc7 
68. Rd3 Bh2+ 69. Kh1 Bf4 70. Re1 Qe7 71. Kg1 Ra3 72. Qb2 Raa8 73. Bc2 Bh6 
74. Rg3 Bf4 75. Rf3 Bh6 76. Bd1 Bg5 77. Rg3 Bf4 78. Rd3 Qc7 79. Bb3 Bh2+ 
80. Kh1 Bf4 81. Bc2 Kg8 82. g3 Bh6 83. Kg1 Qe7 84. h4 Bg7 85. Kh2 Qd7 
86. Bb3 Kh7 87. Red1 Ra6 88. Qe2 Qe7 89. Qe1 Bf8 90. Bd2 Rda8 91. Qe2 Bh6 
92. Bxh6 Kxh6 93. Qd2+ Kh7 94. Qc3 R8a7 95. Rf3 Ra3 96. Rf4 Bc8 97. Rb1 Bd7 
98. e5 Be8 99. Rf6 Kg7 100. Qd2 Ra1 101. Rxa1 Rxa1 102. g4 hxg4 103. h5 Ra3 
104. hxg6 fxg6 105. Bd1 Kg8 106. Bxg4 Qh7+ 107. Kg2 Ra1 108. Bh3 Qh4 
109. Qf4 Qxf4 110. Bxe6+ Kg7 111. Rxf4 Rb1 112. d5 cxd5 113. Bxd5 Re1 
114. Re4 Rd1 115. Bb7 Kf7 116. Rh4 Bd7 117. Bf3 Rd2 118. Rh7+ Kg8 119. Rh1 Be6 
120. Rd1 Rb2 121. Rd4 Kf7 122. Be4 Bf5 123. Bd5+ Ke7 124. Kg3 g5 125. f3 Re2 
126. f4 Re3+ 127. Kf2 gxf4 128. Rxf4 Rxe5 129. Bc6 Be6 130. Bxb5 Rxb5 
131. Ke3 Rg5 132. Rd4 Rg3+ 133. Kf4 Rh3 134. Ke5 Rh5+ 135. Kf4 Bd7 136. Ke3 Rh3+ 
137. Kd2 Bf5 138. Rc4 Rb3 139. Rc6 Rb2+ 140. Kc1 Rxb4 141. Kd2 Rb3 142. Rc5 Be6 
143. Rc6 Rh3 144. Rc3 Rh4 145. Rc6 Rh3 146. Rc1 Kd6 147. Ra1 Kc5 148. Rf1 Bd5 
149. Rf4 Bc4 150. Rf5+ Kb4 151. Rf4 Rb3 152. Rf2 Rd3+ 153. Ke2 Rc3+ 154. Kd1 Re3 
1/2-1/2

[Event "Monday Night Engine Tour 13 Rd Swiss 3m+1s Starts at 2200hrs ST"]
[Site "Infinity Chess"]
[Date "2018.1.22"]
[Round "5"]
[White "MrScience"]
[Black "RonWeasley"]
[Result "1/2-1/2"]
[ECO "C00"]
[WhiteElo "2558"]
[BlackElo "2503"]
[WhiteEngine "BrainFish_x64_modern"]
[BlackEngine "BrainFish 130117_CTG"]
[EventType "Swiss"]
[WhiteTeam ""]
[BlackTeam ""]
[PlyCount "114"]
[TimeControl "180+1"]

1. e4 e6 2. Nc3 d5 3. d4 Nf6 4. e5 Nfd7 5. f4 c5 6. Nf3 Nc6 7. Be3 cxd4 
8. Nxd4 Qb6 9. Qd2 Qxb2 10. Rb1 Qa3 11. Bb5 Nxd4 12. Bxd4 a6 13. Bxd7+ Bxd7 
14. Rb3 Qe7 15. Rxb7 Rc8 16. O-O Qd8 17. Qf2 Rxc3 18. Bxc3 Qc8 19. Rb3 Ba4 
20. Bd4 Bxb3 21. axb3 Be7 22. c3 O-O 23. b4 Qc6 24. Ra1 Bd8 25. h4 Bc7 26. h5 h6 
27. g4 a5 28. g5 axb4 29. gxh6 gxh6 30. Kh1 Kh8 31. Rg1 Rg8 32. Rxg8+ Kxg8 
33. Qg1+ Kf8 34. Bc5+ Ke8 35. Qg8+ Kd7 36. Qxf7+ Kc8 37. cxb4 d4+ 38. Kg1 d3 
39. Qg8+ Kb7 40. Kf2 Qe4 41. Be3 d2 42. Bxd2 Bb6+ 43. Kg3 Qd3+ 44. Kg4 Qxd2 
45. Qxe6 Qe2+ 46. Kf5 Qxh5+ 47. Kf6 Qh4+ 48. Kf5 Qh5+ 49. Ke4 Qe2+ 50. Kf5 Qd3+ 
51. Kg4 h5+ 52. Kxh5 Qf3+ 53. Kg6 Qxf4 54. Qf7+ Qxf7+ 55. Kxf7 Kc6 56. b5+ Kd5 
57. e6 Bd8 1/2-1/2

[Event "Monday Night Engine Tour 13 Rd Swiss 3m+1s Starts at 2200hrs ST"]
[Site "Infinity Chess"]
[Date "2018.1.22"]
[Round "5"]
[White "Victorious"]
[Black "KULLANI"]
[Result "1/2-1/2"]
[ECO "C50"]
[WhiteElo "2513"]
[BlackElo "2489"]
[WhiteEngine "BugChess2.41_Release"]
[BlackEngine "asmfish-popcnt-012018-W_CTG"]
[EventType "Swiss"]
[WhiteTeam ""]
[BlackTeam ""]
[PlyCount "136"]
[TimeControl "180+1"]

1. e4 e5 2. Nf3 Nc6 3. Bc4 Bc5 4. O-O Nf6 5. d3 d6 6. a4 a5 7. Re1 O-O 8. c3 Ba7 
9. Na3 h6 10. h3 Ne7 11. d4 exd4 12. cxd4 c6 13. Bd3 d5 14. e5 Ne4 15. Nc2 Bf5 
16. Nh4 Be6 17. Be3 f5 18. f4 Qe8 19. Rf1 Ng3 20. Rf3 Ne4 21. Qe1 Qh5 
22. Be2 Qf7 23. Ra3 c5 24. dxc5 Rac8 25. Rc3 Nxc3 26. bxc3 Bxc5 27. Bxc5 Rxc5 
28. Rg3 Nc6 29. Bd3 Rd8 30. Nd4 Nxd4 31. cxd4 Rc6 32. Qxa5 Rdc8 33. Kh2 Rc1 
34. Qb4 g5 35. Qb6 R1c6 36. Qb4 Rc1 37. Qb6 R1c6 38. Qb4 R8c7 39. Bb5 Rc2 
40. Qd6 Rc8 41. Nxf5 Qxf5 42. Bd3 R2c6 43. Bxf5 Rxd6 44. exd6 Bxf5 45. fxg5 h5 
46. a5 Ra8 47. Re3 Be4 48. Rc3 Kf7 49. d7 Rd8 50. Rc7 Ke7 51. Rxb7 Ra8 
52. Rb5 Kxd7 53. h4 Kc6 54. Rc5+ Kd6 55. g4 Bf3 56. gxh5 Bxh5 57. Kh3 Re8 
58. Rc3 Re1 59. Ra3 Kc7 60. a6 Kb8 61. a7+ Ka8 62. Ra6 Re3+ 63. Kg2 Re4 
64. Kh3 Rxd4 65. Rd6 Bg4+ 66. Kg3 Bf5 67. Rf6 Be4 68. h5 Rd1 1/2-1/2

[Event "Monday Night Engine Tour 13 Rd Swiss 3m+1s Starts at 2200hrs ST"]
[Site "Infinity Chess"]
[Date "2018.1.22"]
[Round "5"]
[White "MGR"]
[Black "OlivierEvan"]
[Result "1/2-1/2"]
[ECO "D31"]
[WhiteElo "2538"]
[BlackElo "2478"]
[WhiteEngine "asmFishW_2017-08-25_bmi2"]
[BlackEngine "Houdini 6"]
[EventType "Swiss"]
[WhiteTeam ""]
[BlackTeam ""]
[PlyCount "90"]
[TimeControl "180+1"]

1. d4 d5 2. c4 e6 3. Nc3 c6 4. e4 dxe4 5. Nxe4 Bb4+ 6. Bd2 Qxd4 7. Bxb4 Qxe4+ 
8. Be2 Na6 9. Ba5 b6 10. Qd6 Bd7 11. Bc3 f6 12. Nf3 Nh6 13. Rd1 Rd8 14. Qa3 Bc8 
15. Nd2 Qf4 16. Bh5+ Nf7 17. O-O c5 18. Qa4+ Ke7 19. Rfe1 Ng5 20. Re3 Rd6 
21. Rde1 Rhd8 22. Nf3 Kf8 23. a3 Nf7 24. h3 Rd3 25. Rxd3 Rxd3 26. Qc2 Qxc4 
27. Nd2 Qd5 28. Be2 Bb7 29. f3 Rd4 30. Bxd4 Qxd4+ 31. Kh1 Nc7 32. Nc4 Bd5 
33. Rd1 Qf4 34. a4 g6 35. b3 Nh6 36. Qc3 Ke7 37. Ne3 Nf7 38. a5 Ne5 
39. axb6 axb6 40. Bc4 Bxf3 41. gxf3 Qxf3+ 42. Kh2 Qf2+ 43. Kh1 Qf3+ 44. Kh2 Qf2+ 
45. Kh1 Qf3+ 1/2-1/2